[Event "*** Titled Tuesday Blitz"]
[Site "Chess.com"]
[Date "2020.04.28"]
[Round "8"]
[White "AsaHoffmann"]
[Black "goofypenguin96"]
[Result "0-1"]
[WhiteElo "2282"]
[BlackElo "2172"]
[TimeControl "180+1"]
[EndTime "11:34:03 PDT"]
[Termination "goofypenguin96 won by resignation"]

1. d4 b5 2. e4 Bb7 3. f3 b4 4. Be3 a5 5. Bc4 e6 6. c3 d5 7. exd5 exd5 8. Bd3 Nf6 9. Ne2 Bd6 10. O-O O-O 11. Bg5 h6 12. Bh4 Nbd7 13. Nd2 c5 14. Kh1 c4 15. Bf5 Qc7 16. Bg3 Rae8 17. Re1 Bc6 18. Qc2 Nh5 19. Bxd6 Qxd6 20. Nf1 g6 21. Bh3 Nf4 22. Nxf4 Qxf4 23. Qd2 Qxd2 24. Nxd2 Kg7 25. Kg1 f5 26. Kf2 Kf7 27. g3 Rxe1 28.
Rxe1 Re8 29. Ra1 Nb6 30. cxb4 axb4 31. a3 b3 32. Nb1 Na4 33. Nc3 Nxb2 34. Bf1 Na4 35.
Ne2 c3 36. Nxc3 Nxc3 37. Bd3 b2 38. Rf1 Rb8 39. Bb1 Bb5 40. Re1 Nxb1 41. Rxb1 Bd3 0-1

[Event "*** Titled Tuesday Blitz"]
[Site "Chess.com"]
[Date "2020.04.28"]
[Round "8"]
[White "allvim"]
[Black "StockholmMissile"]
[Result "1-0"]
[WhiteElo "2325"]
[BlackElo "2457"]
[TimeControl "180+1"]
[EndTime "11:34:04 PDT"]
[Termination "allvim won by resignation"]

1. e4 e5 2. Nf3 Nc6 3. Bc4 Bc5 4. O-O Nf6 5. d4 Bxd4 6. Nxd4 Nxd4 7. Bg5 h6 8. Bh4 g5 9. f4 gxh4 10. fxe5 Ne6 11.
exf6 d6 12. Qh5 Ng5 13. Qxh4 Be6 14. Bxe6 fxe6 15. Nc3 Qd7 16. Rad1 Nf7 17. e5 Nxe5 18. f7+ Nxf7 19. Ne4 Qe7 20. Qh5 Rf8 21. Nf6+ Kd8 22. Nh7 Kd7 23. Nxf8+ Rxf8 24. Qg6 d5 25. Qg7 c5 26.
Rf6 Ke8 27. Rdf1 c4 28. Qg6 1-0

[Event "*** Titled Tuesday Blitz"]
[Site "Chess.com"]
[Date "2020.04.28"]
[Round "8"]
[White "northridgehawk"]
[Black "MarcoCorvi"]
[Result "1-0"]
[WhiteElo "2302"]
[BlackElo "2182"]
[TimeControl "180+1"]
[EndTime "11:34:04 PDT"]
[Termination "northridgehawk won by checkmate"]

1. e4 c5 2. Nf3 g6 3. d4 cxd4 4.
c3 d3 5. Bxd3 Bg7 6. O-O Nc6 7.
Na3 d6 8. Nc2 Nf6 9. Nfd4 O-O 10. h3 Bd7 11. Be3 a6 12. f4 Qc7 13. Nf3 e5 14. Qd2 exf4 15. Bxf4 Ne5 16. Rae1 Rfe8 17. Ne3 Nxd3 18. Qxd3 Nxe4 19. Nd5 Nc5 20. Nxc7 Nxd3 21. Rxe8+ Rxe8 22. Nxe8 Nxf4 23. Nxg7 Kxg7 24. Nd4 g5 25. Re1 Kf6 26. Re3 Nd5 27. Rf3+ Ke7 28. Kf2 h6 29. g4 f6 30. Nf5+ Bxf5 31. Rxf5 Ke6 32. Kf3 Nf4 33. Rxf4 gxf4 34. Kxf4 d5 35. h4 b5 36. b4 Ke7 37. Kf5 Kf7 38. h5 Ke7 39.
Kg6 Ke6 40. Kxh6 Kf7 41. g5 f5 42. g6+ Kg8 43. g7 f4 44. Kg6 f3 45. h6 f2 46. h7# 1-0

[Event "*** Titled Tuesday Blitz"]
[Site "Chess.com"]
[Date "2020.04.28"]
[Round "8"]
[White "JozefKneht"]
[Black "starworld123"]
[Result "1-0"]
[WhiteElo "2464"]
[BlackElo "2647"]
[TimeControl "180+1"]
[EndTime "11:34:06 PDT"]
[Termination "JozefKneht won by resignation"]

1. e4 c5 2. Nf3 d6 3. d4 cxd4 4. Nxd4 Nf6 5. Nc3 a6 6. Bg5 e6 7. f4 h6 8. Bh4 Qb6 9. Qd3 Qxb2 10. Rb1 Qa3 11. e5 dxe5 12. fxe5 Nd5 13. Nxd5 exd5 14. e6 Bb4+ 15. Kd1 O-O 16. Rb3 Qa5 17. Nf5 Bxe6 18. Nxg7 Bg4+ 19. Kc1 Kxg7 20. Qd4+ Kh7 21. Qxg4 Ba3+ 22. Kd1 f5 23. Rxb7+ 1-0

[Event "*** Titled Tuesday Blitz"]
[Site "Chess.com"]
[Date "2020.04.28"]
[Round "8"]
[White "MergenKakabaev"]
[Black "Camels1981"]
[Result "1-0"]
[WhiteElo "2454"]
[BlackElo "2217"]
[TimeControl "180+1"]
[EndTime "11:34:07 PDT"]
[Termination "MergenKakabaev won by resignation"]

1. e4 c5 2. Nf3 d6 3. d4 cxd4 4. Nxd4 Nf6 5. Nc3 a6 6. Bg5 Nbd7 7. Qe2 Qc7 8. O-O-O h6 9. Bh4 b5 10. f4 Bb7 11. Nd5 Nxd5 12. exd5 O-O-O 13. g4 g5 14.
fxg5 hxg5 15. Bxg5 Ne5 16. Bg2 Rg8 17. h4 Bg7 18.
Kb1 Qc5 19. Bc1 Nc4 20. Nb3 Qc7 21. h5 Bf6 22. h6 a5 23. g5 Bxg5 24. h7 Bf6 25. hxg8=Q Rxg8 26. Nd4 a4 27. Nxb5 Qc5 28. Na7+ Kc7 29. Nc6 a3 30. b3 Bxc6 31. dxc6 Rxg2 32. Qxc4 Qe5 33. c3 Qf5+ 34. Qd3 Qc5 35. Rhf1 Bxc3 36. Rxf7 Bf6 37. Rxf6 exf6 38. Bf4 Qxc6 39. Qxd6+ Qxd6 40. Bxd6+ Kc6 41. Bxa3 f5 42. Bb2 f4 43. Rd8 f3 44.
Rf8 f2 45. Bc1 Kd5 46. a4 Kd4 47. a5 Kc3 48. a6 1-0

[Event "*** Titled Tuesday Blitz"]
[Site "Chess.com"]
[Date "2020.04.28"]
[Round "8"]
[White "Nara_Kh"]
[Black "murtas73"]
[Result "0-1"]
[WhiteElo "2455"]
[BlackElo "2600"]
[TimeControl "180+1"]
[EndTime "11:34:08 PDT"]
[Termination "murtas73 won on time"]

1. e4 e6 2. d4 d5 3. Nd2 Be7 4.
Ngf3 Nf6 5. e5 Nfd7 6. Bd3 c5 7. c3 Nc6 8. O-O g5 9. dxc5 g4 10. Nd4 Ndxe5 11. Be2 Bxc5 12. Bxg4 Nxd4 13. cxd4 Bxd4 14. Qa4+ Nc6 15. Nf3 Bg7 16. Bg5 Qa5 17. Qc2 Bd7 18. Bh5 O-O 19. a3 d4 20. Bg4 f5 21. Bh5 Qd5 22.
Rad1 e5 23. Nd2 e4 24. Nb3 d3 25. Nc5 Nd4 26. Qc1 Rac8 27. b4 b6 28. Qf4 bxc5 29.
bxc5 Qe5 30. Qxe5 Bxe5 31. f4 Bf6 32. Bh6 Ba4 0-1

[Event "*** Titled Tuesday Blitz"]
[Site "Chess.com"]
[Date "2020.04.28"]
[Round "8"]
[White "CMS13"]
[Black "The_Machine04"]
[Result "1-0"]
[WhiteElo "2161"]
[BlackElo "2273"]
[TimeControl "180+1"]
[EndTime "11:34:08 PDT"]
[Termination "CMS13 won on time"]

1. e4 d6 2. Nc3 Nf6 3. Bc4 e5 4. d3 Be7 5. f4 c6 6. Nf3 O-O 7. fxe5 dxe5 8. Nxe5 b5 9. Bb3 a5 10.
a4 b4 11. Ne2 Bc5 12. Nf3 Ng4 13. d4 Bb6 14. O-O c5 15. Kh1 Ba6 16. h3 Nf6 17.
Bg5 h6 18. Bh4 Qe8 19. Bxf6 gxf6 20. dxc5 Bxc5 21. Bd5 Ra7 22. Qe1 Kh7 23. Nh4 Qe5 24. Nf5 Bd6 25. g3 Rc7 26. Qd2 Qxe4+ 27. Bxe4 1-0

[Event "*** Titled Tuesday Blitz"]
[Site "Chess.com"]
[Date "2020.04.28"]
[Round "8"]
[White "AnonymusDonkey"]
[Black "Aikiigm"]
[Result "1-0"]
[WhiteElo "2357"]
[BlackElo "2491"]
[TimeControl "180+1"]
[EndTime "11:34:09 PDT"]
[Termination "AnonymusDonkey won by resignation"]

1. e4 Nf6 2. e5 Nd5 3. d4 d6 4. Nf3 dxe5 5. Nxe5 c6 6. Be2 Bf5 7. O-O Nd7 8. Nf3 N7f6 9. c4 Nc7 10. Nc3 e6 11.
Nh4 Bg6 12. Be3 Bd6 13. Qd2 Ne4 14. Nxe4 Bxe4 15. g3 Be7 16. f3 Bg6 17. Nxg6 hxg6 18. Rfd1 O-O 19. Rac1 Bf6 20. Kg2 Qe7 21. f4 Rfd8 22. Qc3 c5 23. Bf3 Rab8 24. Qa3 Na6 25. dxc5 e5 26. fxe5 Qxe5 27. Bf4 Qxb2+ 28. Qxb2 Bxb2 29.
Bxb8 Rxb8 30. Rb1 Be5 31. Rxb7 Rxb7 32. Bxb7 Nxc5 33. Bf3 Kf8 34. Rd5 1-0

[Event "*** Titled Tuesday Blitz"]
[Site "Chess.com"]
[Date "2020.04.28"]
[Round "8"]
[White "AndrewDGreen"]
[Black "dvella"]
[Result "1-0"]
[WhiteElo "2261"]
[BlackElo "1797"]
[TimeControl "180+1"]
[EndTime "11:34:09 PDT"]
[Termination "AndrewDGreen won by resignation"]

1. d4 d5 2. Bf4 Nf6 3. e3 c6 4. c4 e6 5. Nc3 Bb4 6. a3 Bd6 7. Bg3 Bxg3 8. hxg3 O-O 9. Nf3 Nbd7 10. Bd3 dxc4 11.
Bxc4 Nd5 12. Bd3 f5 13. Rc1 N7f6 14. Ne5 Nxc3 15. Rxc3 Nd5 16. Rc1 Qg5 17. b4 Nf6 18. b5 Ng4 19. Nxg4 fxg4 20. Bxh7+ Kf7 21. Bd3 Bd7 22. Rh4 cxb5 23. Rxg4 Qh5 24. Rxg7+ Kxg7 25. Qxh5 Rf6 26. Qh7+ 1-0

[Event "*** Titled Tuesday Blitz"]
[Site "Chess.com"]
[Date "2020.04.28"]
[Round "8"]
[White "SCIM"]
[Black "SharapovEvgeny"]
[Result "1-0"]
[WhiteElo "2496"]
[BlackElo "2316"]
[TimeControl "180+1"]
[EndTime "11:34:13 PDT"]
[Termination "SCIM won by resignation"]

1. d4 d5 2. c4 c6 3. Nf3 Nf6 4. e3 Bg4 5. h3 Bxf3 6. Qxf3 e6 7.
Nc3 Bb4 8. Bd2 O-O 9. Bd3 Nbd7 10. cxd5 exd5 11. O-O Re8 12. a3 Bxc3 13. Bxc3 Ne4 14. Be1 Ndf6 15. Qd1 Qd7 16. f3 Nd6 17. Bf2 Re7 18.
Qc2 Rae8 19. Rae1 g6 20. Re2 Re6 21. Rfe1 Qe7 22. Bh4 h6 23. Qd2 g5 24. Bf2 b5 25.
b3 Kg7 26. Bb1 Qd7 27. Qd3 a5 28. Bg3 a4 29. Be5 Rxe5 30. dxe5 Rxe5 31. bxa4 bxa4 32. Qd4 Qe6 33. Qxa4 Nc4 34. Qb3 Nxe3 35. Rxe3 d4 36. Qxe6 1-0

[Event "*** Titled Tuesday Blitz"]
[Site "Chess.com"]
[Date "2020.04.28"]
[Round "8"]
[White "annacramling"]
[Black "tgpgoat"]
[Result "0-1"]
[WhiteElo "1933"]
[BlackElo "2190"]
[TimeControl "180+1"]
[EndTime "11:34:14 PDT"]
[Termination "tgpgoat won on time"]

1. d4 Nf6 2. c4 c5 3. d5 b5 4. cxb5 a6 5. Nc3 axb5 6. e4 d6 7. Bxb5+ Nbd7 8. Bd2 Ba6 9. a4 Bxb5 10. axb5 Rxa1 11. Qxa1 g6 12. Nf3 Bg7 13. O-O O-O 14. Qa6 Qa8 15. Ra1 Qxa6 16. bxa6 Rb8 17. a7 Ra8 18.
Nb5 Ne8 19. Ra6 Bxb2 20. Rc6 Kf8 21. g4 Bg7 22. g5 Bh8 23. h4 Bg7 24. Kg2 Bh8 25.
Kg3 f5 26. exf5 gxf5 27. Kf4 Ng7 28. Rc7 Ke8 0-1

[Event "*** Titled Tuesday Blitz"]
[Site "Chess.com"]
[Date "2020.04.28"]
[Round "8"]
[White "ntmh281"]
[Black "j2806"]
[Result "1-0"]
[WhiteElo "2265"]
[BlackElo "1969"]
[TimeControl "180+1"]
[EndTime "11:34:15 PDT"]
[Termination "ntmh281 won by checkmate"]

1. d4 Nf6 2. Nf3 e6 3. Bf4 d5 4. e3 c5 5. c3 Nc6 6. Nbd2 Bd6 7.
Bg3 b6 8. Bb5 Bd7 9. Bd3 Bxg3 10. hxg3 cxd4 11. exd4 Qc7 12. Qe2 O-O 13. g4 h6 14. g5 hxg5 15. Nxg5 g6 16. g3 Kg7 17.
f4 Rh8 18. Qg2 Rxh1+ 19. Qxh1 Rh8 20. Qf3 Ne7 21. O-O-O b5 22. Kb1 a5 23. Rc1 Qb7 24. Nb3 Qb6 25. Nc5 Bc8 26. g4 b4 27. cxb4 axb4 28. Rg1 Nc6 29. Qe3 Qa7 30. f5 e5 31. dxe5 d4 32. exf6+ Kxf6 33. Nce4+ Kg7 34. f6+ Kf8 35. Qc1 Ne5 36. Qxc8# 1-0

[Event "*** Titled Tuesday Blitz"]
[Site "Chess.com"]
[Date "2020.04.28"]
[Round "8"]
[White "CarlosRBorn"]
[Black "louis198"]
[Result "1-0"]
[WhiteElo "2677"]
[BlackElo "2467"]
[TimeControl "180+1"]
[EndTime "11:34:16 PDT"]
[Termination "CarlosRBorn won by resignation"]

1. e4 e6 2. Qe2 d5 3. exd5 Qxd5 4.
Nc3 Qa5 5. Nf3 Nf6 6. d4 c6 7. g3 Be7 8. Bg2 O-O 9. O-O Nbd7 10. Ne5 Re8 11. Re1 c5 12. Bd2 cxd4 13. Nd5 Qd8 14.
Nxf7 Kxf7 15. Qxe6+ Kf8 16. Nxe7 Nc5 17. Qc4 Ne6 18.
Nxc8 Rxc8 19. Bb4+ Kf7 20. Qb3 Qb6 21. Re5 Ng4 22.
Re2 a5 23. Qf3+ Nf6 24. Ba3 Ng5 25. Qd3 Rxe2 26. Qxe2 Re8 27. Qd3 Nge4 28. Rd1 Rd8 29. Bxe4 1-0

[Event "*** Titled Tuesday Blitz"]
[Site "Chess.com"]
[Date "2020.04.28"]
[Round "8"]
[White "Anaj14"]
[Black "ParvizGasimov"]
[Result "1-0"]
[WhiteElo "2231"]
[BlackElo "2284"]
[TimeControl "180+1"]
[EndTime "11:34:16 PDT"]
[Termination "Anaj14 won by resignation"]

1. e4 e6 2. d3 d5 3. Nd2 Nf6 4. Ngf3 b6 5. c3 dxe4 6. dxe4 Bb7 7. Qc2 Nbd7 8. Bb5 a6 9. Be2 Nc5 10. e5 Nd5 11. O-O Nf4 12. Bc4 b5 13. Bb3 g5 14.
Rd1 g4 15. Ne1 Qh4 16. Nf1 Qh3 17. Bxf4 Qh5 18. Rd4 Bg7 19. Ng3 Qh4 20. Qd2 h6 21.
Rd1 O-O 22. Bc2 Rad8 23. Rxd8 1-0

[Event "*** Titled Tuesday Blitz"]
[Site "Chess.com"]
[Date "2020.04.28"]
[Round "8"]
[White "GiorgianBarbosa"]
[Black "mbachez"]
[Result "0-1"]
[WhiteElo "2317"]
[BlackElo "2498"]
[TimeControl "180+1"]
[EndTime "11:34:17 PDT"]
[Termination "mbachez won by resignation"]

1. Nf3 Nf6 2. g3 d5 3. Bg2 Bf5 4. O-O h6 5. c4 e6 6. d4 c6 7. Nc3 Be7 8. Nd2 Nbd7 9. e4 dxe4 10. Ndxe4 Nxe4 11. Nxe4 Nf6 12. Nc3 O-O 13. b3 Qb6 14. h3 Rfd8 15. Be3 Qa5 16. Qe1 Bb4 17. Rc1 Bd3 18. Bd2 Bxf1 19. Bxf1 Rxd4 20. Qe3 Rxd2 21. Qxd2 Ne4 22. Qd7 Bxc3 23. Qxb7 Rd8 24. Qxc6 Nxf2 25. Kxf2 Bd4+ 26. Kf3 Qf5+ 27. Ke2 Qf2+ 28. Kd3 Bb2+ 0-1

[Event "*** Titled Tuesday Blitz"]
[Site "Chess.com"]
[Date "2020.04.28"]
[Round "8"]
[White "pawel83"]
[Black "IMinTheWings"]
[Result "1-0"]
[WhiteElo "2344"]
[BlackElo "2206"]
[TimeControl "180+1"]
[EndTime "11:34:21 PDT"]
[Termination "pawel83 won by checkmate"]

1. d4 Nf6 2. c4 e6 3. Nf3 c5 4. d5 b5 5. dxe6 fxe6 6. cxb5 d5 7. g3 Bd6 8. Bg2 O-O 9. O-O a6 10. Bg5 axb5 11. e4 Nbd7 12. exd5 exd5 13. Nc3 Bb7 14. Nxb5 Bb8 15. Qc1 Ba6 16. a4 Qb6 17.
Re1 Bxb5 18. axb5 Rxa1 19. Qxa1 Qxb5 20. Qa2 Kh8 21. Bh3 d4 22. Re7 h6 23. Bxf6 Nxf6 24.
Nh4 Qd3 25. Bf5 Qd1+ 26. Kg2 Re8 27. Ng6+ Kh7 28. Ne5+ Kh8 29. Nf7+ Kg8 30. Nxh6+ Kh8 31. Qg8+ Nxg8 32. Nf7# 1-0

[Event "*** Titled Tuesday Blitz"]
[Site "Chess.com"]
[Date "2020.04.28"]
[Round "8"]
[White "chessfrendz"]
[Black "Pawnpusherschessaccademy"]
[Result "0-1"]
[WhiteElo "2405"]
[BlackElo "2259"]
[TimeControl "180+1"]
[EndTime "11:34:22 PDT"]
[Termination "Pawnpusherschessaccademy won by resignation"]

1. e4 e5 2. Nf3 Nc6 3. Bb5 a6 4. Ba4 Nf6 5. O-O Be7 6. Re1 b5 7. Bb3 O-O 8. c3 d5 9. exd5 Nxd5 10. Nxe5 Nxe5 11. Rxe5 c6 12. d4 Bd6 13. Re1 Qh4 14.
g3 Qh3 15. Qf3 Bg4 16. Qg2 Qh5 17. Nd2 Rae8 18. Rxe8 Rxe8 19. f3 Re1+ 20. Kf2 Bh3 21. Qxh3 Qxh3 22. Kxe1 Qxh2 23. Nf1 Bxg3+ 24. Nxg3 Qxg3+ 25. Ke2 Qg2+ 26. Kd3 Qf1+ 27. Kc2 Ne3+ 28. Bxe3 Qxa1 29.
Bc1 a5 30. a4 bxa4 31. Bc4 a3 32. bxa3 h5 33. f4 h4 34. d5 cxd5 35. Bxd5 h3 36. f5 h2 37. f6 gxf6 0-1

[Event "*** Titled Tuesday Blitz"]
[Site "Chess.com"]
[Date "2020.04.28"]
[Round "8"]
[White "Tsubasa"]
[Black "CaspiIsrael"]
[Result "0-1"]
[WhiteElo "2414"]
[BlackElo "2623"]
[TimeControl "180+1"]
[EndTime "11:34:24 PDT"]
[Termination "CaspiIsrael won by resignation"]

1. d4 f5 2. Bg5 g6 3. Nc3 Bg7 4. e4 fxe4 5. Nxe4 d5 6. Nc5 b6 7. Nb3 Nh6 8. Nf3 Nf7 9. Bf4 O-O 10. Qd2 a5 11. a4 Bg4 12. Be2 Nc6 13. O-O Nd6 14. Bh6 Bxh6 15. Qxh6 Bxf3 16. Bxf3 Rxf3 17. gxf3 Nf5 18. Qf4 Qd7 19. Rfe1 Rf8 20. Qg4 Rf6 21. c3 h5 22. Qg5 Ng7 23. Re3 Ne6 24. Qg3 Nf4 25. Rae1 e6 26. Nc1 Ne7 27. Nd3 Nxd3 28.
Rxd3 Nf5 29. Qe5 Kf7 30. b3 Nh4 31. Qg3 Nf5 32. Qg5 Qc6 33. Qf4 g5 34. Qe5 Nh4 35.
Qxg5 Rg6 0-1

[Event "*** Titled Tuesday Blitz"]
[Site "Chess.com"]
[Date "2020.04.28"]
[Round "8"]
[White "IMUffeVinther-Schou"]
[Black "Bastiandash"]
[Result "1-0"]
[WhiteElo "2267"]
[BlackElo "2013"]
[TimeControl "180+1"]
[EndTime "11:34:25 PDT"]
[Termination "IMUffeVinther-Schou won by resignation"]

1. e4 d5 2. exd5 Qxd5 3. Nc3 Qd8 4. d4 Nf6 5. Nf3 Bf5 6. Bc4 e6 7. Ne5 Nbd7 8. Qf3 Nxe5 9. dxe5 Nd7 10. Qxb7 Rb8 11.
Qf3 Nxe5 12. Qe2 Nxc4 13. Qxc4 Bxc2 14. O-O Bd6 15. Nb5 Bg6 16. Nxa7 Rb4 17. Qc6+ Qd7 18. Qa8+ Ke7 19. Qxh8 Qa4 20. Bg5+ 1-0

[Event "*** Titled Tuesday Blitz"]
[Site "Chess.com"]
[Date "2020.04.28"]
[Round "8"]
[White "Training_Day"]
[Black "m-garcett"]
[Result "1-0"]
[WhiteElo "2265"]
[BlackElo "2069"]
[TimeControl "180+1"]
[EndTime "11:34:25 PDT"]
[Termination "Training_Day won by resignation"]

1. e4 c5 2. c3 d6 3. d4 Qc7 4. Nf3 g6 5. h3 Bg7 6. Bd3 Nf6 7. O-O O-O 8. Re1 Nbd7 9. Nbd2 e6 10. Nf1 a6 11. Ng3 b5 12. a4 c4 13. Bc2 Bb7 14.
Bg5 h6 15. Be3 Kh7 16. h4 Ng4 17. Bd2 f5 18. exf5 exf5 19. h5 Rae8 20. hxg6+ Kh8 21.
Rxe8 Rxe8 22. Nxf5 Ndf6 23. axb5 axb5 24. Nxg7 Kxg7 25. Nh4 Be4 26. Nf5+ Bxf5 27. Bxf5 h5 28. Qf3 d5 29. Bf4 Qa7 30. Rxa7+ 1-0

[Event "*** Titled Tuesday Blitz"]
[Site "Chess.com"]
[Date "2020.04.28"]
[Round "8"]
[White "Megagigahiper3345"]
[Black "suyu28"]
[Result "1/2-1/2"]
[WhiteElo "2464"]
[BlackElo "2594"]
[TimeControl "180+1"]
[EndTime "11:34:26 PDT"]
[Termination "Game drawn by repetition"]

1. d4 Nf6 2. c4 e6 3. Nf3 d5 4. Nc3 dxc4 5. e4 b5 6. e5 Nd5 7.
Nxb5 Nb6 8. Be2 Nc6 9. Be3 Be7 10. O-O O-O 11. Rc1 Ba6 12. Nc3 Qd7 13. h4 Rfd8 14.
h5 h6 15. b3 Ba3 16. Rb1 Bb4 17. Ne4 Qd5 18. Ng3 Qa5 19. Qc1 c3 20. Bxh6 gxh6 21. Qxh6 Nxd4 22. Ng5 Nxe2+ 23. Nxe2 Bd3 24. Nxf7 Kxf7 25.
Qf6+ Ke8 26. Qxe6+ Be7 27. Nf4 Bxb1 28. Qg8+ Kd7 29.
Qe6+ Ke8 30. Qg8+ Bf8 31. Qe6+ Be7 1/2-1/2

[Event "*** Titled Tuesday Blitz"]
[Site "Chess.com"]
[Date "2020.04.28"]
[Round "8"]
[White "Funkmaus"]
[Black "Jbd735"]
[Result "0-1"]
[WhiteElo "2212"]
[BlackElo "2419"]
[TimeControl "180+1"]
[EndTime "11:34:29 PDT"]
[Termination "Jbd735 won by checkmate"]

1. d4 d5 2. c4 e6 3. cxd5 exd5 4.
Nc3 Nf6 5. Nf3 c6 6. Bg5 Be7 7. e3 Ne4 8. Nxe4 dxe4 9. Bxe7 Qxe7 10. Nd2 Nd7 11. Qc2 Nf6 12. Bc4 O-O 13. O-O h5 14.
h3 h4 15. Rac1 Bf5 16. f3 exf3 17. Qxf5 Qxe3+ 18. Kh2 Qxd2 19. Qxf3 Qxd4 20. b3 Rae8 21. Rcd1 Qe5+ 22. Kh1 Re7 23. Rde1 Qxe1 24. Rxe1 Rxe1+ 25. Kh2 Rd8 26. Qf4 Re4 27. Qg5 b5 28. Bf1 Rd1 29.
Bxb5 cxb5 30. Qxb5 Ree1 31. Qb8+ Kh7 32. g3 Rd2# 0-1

[Event "*** Titled Tuesday Blitz"]
[Site "Chess.com"]
[Date "2020.04.28"]
[Round "8"]
[White "Gyapiking"]
[Black "Filip_Covic"]
[Result "1-0"]
[WhiteElo "2486"]
[BlackElo "2326"]
[TimeControl "180+1"]
[EndTime "11:34:30 PDT"]
[Termination "Gyapiking won on time"]

1. c4 c5 2. g3 Nc6 3. Bg2 g6 4. Nc3 Bg7 5. a3 d6 6. Nf3 Nf6 7. O-O Bd7 8. d3 Qc8 9. Rb1 Bh3 10. b4 h5 11. bxc5 dxc5 12. Nd5 Bxg2 13. Kxg2 h4 14.
Nxh4 Rxh4 15. gxh4 Qg4+ 16. Kh1 Qxh4 17. f3 O-O-O 18. Qb3 Na5 19. Qb5 Nxd5 20. Qxc5+ Nc6 21. cxd5 Qh3 22. Be3 Be5 23. Bg1 Bxh2 24. Bxh2 Rh8 25. Qf2 Ne5 26. Qg2 1-0

[Event "*** Titled Tuesday Blitz"]
[Site "Chess.com"]
[Date "2020.04.28"]
[Round "8"]
[White "SahajGrover"]
[Black "lupta_robin"]
[Result "1-0"]
[WhiteElo "2720"]
[BlackElo "2559"]
[TimeControl "180+1"]
[EndTime "11:34:31 PDT"]
[Termination "SahajGrover won by resignation"]

1. d4 Nf6 2. Bf4 g6 3. Nc3 d5 4. e3 Bg7 5. h4 c6 6. Nf3 Qb6 7. b3 Bf5 8. Qd2 h5 9. Bd3 Bxd3 10. cxd3 Nbd7 11. Ne5 Rc8 12. f3 Qa5 13. Na4 Qxd2+ 14.
Kxd2 b5 15. Nc3 e6 16. Rac1 O-O 17. Rc2 Nxe5 18. Bxe5 Nd7 19. Bd6 Rfd8 20. Rhc1 Nf6 21. Be5 a6 22. Ne2 Nd7 23. Bxg7 Kxg7 24. Rxc6 Ra8 25.
Nf4 Kf8 26. Rc7 Ke7 27. R1c6 Rdb8 28. e4 dxe4 29. dxe4 a5 30. d5 e5 31. Nd3 f6 32.
Nc5 Rd8 33. Re6+ 1-0

[Event "*** Titled Tuesday Blitz"]
[Site "Chess.com"]
[Date "2020.04.28"]
[Round "8"]
[White "NeverEverForever1990"]
[Black "Gareth-Bale11"]
[Result "0-1"]
[WhiteElo "2477"]
[BlackElo "2732"]
[TimeControl "180+1"]
[EndTime "11:34:31 PDT"]
[Termination "Gareth-Bale11 won by checkmate"]

1. e4 e5 2. Nf3 Nc6 3. Bc4 Nf6 4.
d3 h6 5. O-O d6 6. Nc3 Na5 7. Bb3 Nxb3 8. axb3 g5 9. d4 g4 10. Ne1 c6 11. dxe5 dxe5 12. Qxd8+ Kxd8 13. Be3 Kc7 14. Bxa7 Nd7 15. Nd3 b6 16. Nxe5 Nxe5 17. Bxb6+ Kb7 18. Rxa8 Kxa8 19. Na4 Kb7 20. Bd4 Bg7 21.
Nc5+ Kb8 22. c3 f6 23. Ra1 Rd8 24. Kf1 Bf8 25. Ke2 h5 26. f4 gxf3+ 27. gxf3 Bh3 28.
f4 Bxc5 29. fxe5 Bxd4 30. cxd4 fxe5 31. Ke3 exd4+ 32. Kd3 Kc7 33. b4 Kb6 34. Ra5 Bf1+ 35. Kd2 Bb5 36. Ra3 Rf8 37. Rh3 Rf2+ 38. Ke1 Rxb2 39. Rxh5 d3 40. Rh8 d2+ 41. Kd1 Ba4+ 42. Ke2 d1=Q+ 43. Ke3 Qd2+ 44. Kf3 Bd1+ 45. Kg3 Qf2+ 46.
Kh3 Rb3# 0-1

[Event "*** Titled Tuesday Blitz"]
[Site "Chess.com"]
[Date "2020.04.28"]
[Round "8"]
[White "TERMINATOR_PC"]
[Black "bait_or_mate"]
[Result "0-1"]
[WhiteElo "2413"]
[BlackElo "2560"]
[TimeControl "180+1"]
[EndTime "11:34:31 PDT"]
[Termination "bait_or_mate won by resignation"]

1. e4 c5 2. Nc3 Nc6 3. g3 g6 4. Bg2 Bg7 5. d3 e6 6. Be3 d6 7. Qd2 Nge7 8. Bh6 O-O 9. h4 f6 10. Bxg7 Kxg7 11. h5 g5 12. h6+ Kg8 13. f4 Ng6 14.
O-O-O Nd4 15. Nf3 Nxf3 16. Bxf3 Rb8 17. Rdf1 b5 18. Bh5 b4 19. Ne2 Bb7 20. Bxg6 hxg6 21. fxg5 fxg5 22. Rxf8+ Qxf8 23. Qxg5 Kh7 24. Nf4 Qf7 25.
Re1 e5 26. Nd5 Bxd5 27. exd5 Rf8 28. b3 Qf6 29. Qe3 Qf3 30. Qg5 Qf6 31. Qe3 Qf2 32.
Kb2 Qxe3 33. Rxe3 Kxh6 34. a3 a5 35. axb4 axb4 36. c3 Rf2+ 37. Kc1 bxc3 38. Rxe5 dxe5 0-1

[Event "*** Titled Tuesday Blitz"]
[Site "Chess.com"]
[Date "2020.04.28"]
[Round "8"]
[White "Hikaru"]
[Black "MaximDlugy"]
[Result "1-0"]
[WhiteElo "3236"]
[BlackElo "2920"]
[TimeControl "180+1"]
[EndTime "11:34:34 PDT"]
[Termination "Hikaru won by resignation"]

1. Nf3 d5 2. b3 Bf5 3. g3 e6 4. Nh4 Be4 5. f3 Be7 6. fxe4 Bxh4 7. e5 Nd7 8. d4 Bg5 9. e3 c5 10. h4 Be7 11. c4 dxc4 12. bxc4 Nh6 13. Bd3 Qb6 14.
Qb3 cxd4 15. Qxb6 Nxb6 16. exd4 Rc8 17. Nd2 Bb4 18. Rb1 Bc3 19. c5 Nd5 20. Rxb7 Bxd4 21.
Bb5+ Kf8 22. Nb3 Bxe5 23. O-O f6 24. Bd7 Rd8 25. Bxe6 Nc7 26. Bc4 Bxg3 27. Bxh6 gxh6 28. Rxf6+ Ke7 29. Rf7+ Ke8 30. Rbxc7 Bxc7 31. Rxc7 Rf8 32.
Bb5+ 1-0

[Event "*** Titled Tuesday Blitz"]
[Site "Chess.com"]
[Date "2020.04.28"]
[Round "8"]
[White "Kimster98"]
[Black "Xeslu"]
[Result "1-0"]
[WhiteElo "2558"]
[BlackElo "2361"]
[TimeControl "180+1"]
[EndTime "11:34:34 PDT"]
[Termination "Kimster98 won by resignation"]

1. d4 d5 2. Bf4 c6 3. e3 Nf6 4. c4 g6 5. Nc3 Bg7 6. h3 O-O 7. Nf3 Nbd7 8. cxd5 Nxd5 9. Bg3 Nxc3 10. bxc3 Qa5 11.
Qd2 e5 12. Bc4 exd4 13. cxd4 Qxd2+ 14. Kxd2 c5 15. Rac1 cxd4 16. Nxd4 Nb6 17. Bb3 Rd8 18. Bc7 Re8 19. Bxb6 axb6 20. Rc7 Bxd4 21. Bxf7+ Kf8 22. Bxe8 Be5 23. Rxc8 Rxc8 24. Bb5 Rc5 25. a4 Bc3+ 26. Kd3 Ba5 27. Ke4 Ke7 28. Rd1 Ke6 29. Rd8 Rc2 30.
Re8+ Kf7 31. f4 Rxg2 32. Rh8 h5 33. Rh7+ Kf6 34. Bc4 g5 35. f5 g4 36. h4 1-0

[Event "*** Titled Tuesday Blitz"]
[Site "Chess.com"]
[Date "2020.04.28"]
[Round "8"]
[White "archess2"]
[Black "guillembaches"]
[Result "1-0"]
[WhiteElo "2246"]
[BlackElo "2409"]
[TimeControl "180+1"]
[EndTime "11:34:34 PDT"]
[Termination "archess2 won on time"]

1. d4 Nf6 2. c4 e6 3. Nc3 Bb4 4. Qc2 O-O 5. e4 d5 6. e5 Ne4 7. Bd3 f5 8. exf6 Qxf6 9. Nf3 Nc6 10. Bxe4 dxe4 11. Qxe4 Bd7 12. Bg5 Qf5 13. Qxf5 Rxf5 14. Be3 e5 15. d5 Nd4 16. Bxd4 exd4 17. Nxd4 Re8+ 18. Kf1 Rf4 19. Nce2 Rfe4 20. f3 Re3 21. a3 Bc5 22. b4 Be7 23. Kf2 Bf6 24. Rhe1 c6 25. dxc6 bxc6 26. Rad1 c5 27. bxc5 Rxa3 28. c6 Bc8 29. Nb5 Ra2 30. Nd6 Rd8 31. c7 Rf8 32. Kf1 Ba6 33. Nf4 Bc3 34. Ne6 1-0